 Dungeon Crawl Stone Soup version 0.31.0-9-g3a7656b989 (webtiles) character file.

Game seed: 1859219566390966435

1932 qw the Skirmisher (level 8, -5/40 HPs)
             Began as a Spriggan Hunter on Feb 2, 2024.
             Was a Follower of Okawaru.
             Engulfed by a steam dragon's steam (10 damage)
             ... on level 5 of the Dungeon.
             The game lasted 00:00:29 (5173 turns).

qw the Skirmisher (Spriggan Hunter)                 Turns: 5173, Time: 00:00:29

Health: -5/40      AC:  2    Str:  7    XL:     8   Next: 97%
Magic:  9/9        EV: 24    Int: 11    God:    Okawaru [*.....]
Gold:   51         SH:  0    Dex: 20    Spells: 7/7 levels left

rFire   . . .        f - +2 orcbow
rCold   . . .        (shield currently unavailable)
rNeg    . . .        c - +0 robe
rPois   +            (helmet restricted)
rElec   .            (no cloak)
rCorr   .            (gloves unavailable)
SInv    +            (boots unavailable)
Will    +....        (no amulet)
Stlth   ++           (no ring)
HPRegen 0.26/turn    (no ring)
MPRegen 0.11/turn

%: no passive effects
@: about to teleport, very quick
A: very small, no large weapons, unfitting armour, see invisible, speed 3,
talons 1, poison resistance
a: Renounce Religion, Heroism


You were on level 5 of the Dungeon.
You worshipped Okawaru.
Okawaru was aware of your devotion.
You visited 1 branch of the dungeon, and saw 6 of its levels.
You also visited: Sewer.

You collected 317 gold pieces.
You spent 266 gold pieces at shops.


Innate Abilities, Weirdness & Mutations

You are very small and have problems with some larger weapons.
You are too small for most types of armour.
You have supernaturally acute eyesight. (SInv)
You cover ground extremely quickly. (Speed+++)
You have sharp toenails.
Your system is resistant to poisons. (rPois)


   Skills:
 - Level 3.2 Fighting
 + Level 9.8 Ranged Weapons
 - Level 9.1 Dodging
 - Level 1.5 Stealth
 + Level 0.8 Invocations


You had 7 spell levels left.
You didn't know any spells.
Your spell library was empty.

Inventory:

Hand Weapons
 f - a +2 orcbow (weapon)
Armour
 c - a +0 robe (worn)
Jewellery
 i - a ring of ice
Potions
 b - a potion of might
 e - a potion of mutation
 g - 3 potions of curing
 j - a potion of magic
 m - 2 potions of cancellation

Dungeon Overview and Level Annotations

Branches:
Dungeon (6/15)              Sewer (visited)
 Temple: D:4-7

Altars:
Makhleb
Okawaru

Shops:
D:5 !

Annotations:
D:4 1 runed translucent door, Crazy Yiuf


Message History

The ball of steam hits the orc!
The orc dies!
The ball of steam misses you.
You climb upwards.
There is a stone staircase leading down here.
You start resting.
HP restored.
You climb downwards.
There is a stone staircase leading up here.
You shoot an arrow.
The arrow barely misses the steam dragon.
You shoot an arrow.
The arrow hits the steam dragon but does no damage.
The steam dragon breathes steam at you. The ball of steam misses you.
You hear an angry hiss.
You shoot an arrow. The arrow barely misses the orc wizard.
You are engulfed in a cloud of scalding steam.
The orc priest looks satisfied for a moment.
You shoot an arrow.
The arrow barely misses the steam dragon.
You are engulfed in a cloud of scalding steam.
An adder comes into view.
5169 ||| STAIRDANCE You are engulfed in a cloud of scalding steam.
The steam dragon completely misses you. The steam dragon closely misses you.
You climb upwards.
There is a stone staircase leading down here.
You shoot an arrow.
The arrow completely misses the steam dragon.
The steam dragon completely misses you. The steam dragon closely misses you.
You shoot an arrow. The arrow hits the steam dragon!
The steam dragon is moderately wounded.
The steam dragon breathes steam at you. The ball of steam hits you!
5173 ||| READING scroll of teleportation.
As you read the scroll of teleportation, it crumbles to dust.
You feel strangely unstable.
You are engulfed in a cloud of scalding steam.
You die...

### ### ### #.###.##########.#
#................#####
############.###.#[..............
.................#.#........#####
.!.............#.#.#..#########.#
#..#########.#.#.#.#............#
#..##.....##.#.#D#.#<.#########.#
#..##.....##.#.#@#.#.............
#..##.....##.#.#¤#.#.##########.#
#..##...).>....#¤#...........#...
#..######......#.#.....#####.#..#
#..# #......#.#..#......#.#..#
#..# #......#.#..#..###.#.#..#
#..# #......#.#..#........#..#
#..# ##.(....#.#.....###.###..#
#..# #.......#.#..........))).#


You could see a steam dragon.

Vanquished Creatures
  Pikel (D:4)
  Sigmund (D:4)
  Eustachio (D:4)
  Menkaure (D:5)
  A water moccasin (D:5)
  An ice beast (D:5)
  3 lemures (D:4)
  A phantom (D:4)
  2 centaurs (D:5)
  A scorpion (D:5)
  A bombardier beetle (D:5)
  3 jellies (Sewer)
  A hound (D:4)
  An iguana (D:4)
  Natasha (twice) (D:3)
  5 orc wizards (D:5)
  Robin (D:3)
  4 gnolls (D:3)
  7 adders
  A dart slug (D:1)
  6 ribbon worms
  18 orcs
  2 bats (D:3)
  11 endoplasms
  17 giant cockroaches
  16 goblins
  6 hobgoblins
  6 quokkas
  13 ball pythons
  6 frilled lizards
  13 kobolds
  8 rats
161 creatures vanquished.

Vanquished Creatures (others)
  An orc (D:6)
1 creature vanquished.

Grand Total: 162 creatures vanquished

Notes
Turn   | Place    | Note
-------+----------+-------------------------------------------
     0 | D:1      | qw the Spriggan Hunter began the quest for the Orb.
     0 | D:1      | Reached XP level 1. HP: 10/10 MP: 2/2
     0 | D:1      | 0 ||| qw: Version: 0.3-a-155-g5e7d8dd
     0 | D:1      | 0 ||| qw: Game counter: 1446
     0 | D:1      | 0 ||| qw: Melee chars always use a shield: true
     0 | D:1      | 0 ||| qw: God list: Okawaru
     0 | D:1      | 0 ||| qw: Allow faded altars: false
     0 | D:1      | 0 ||| qw: Do Orc after clearing Dungeon:15 true
     0 | D:1      | 0 ||| qw: Do second Lair branch before Depths: true
     0 | D:1      | 0 ||| qw: Lair rune preference: random
     0 | D:1      | 0 ||| qw: Goals: Normal
     0 | D:1      | 0 ||| PLANNING D:1-11
    56 | D:1      | Reached skill level 3 in Dodging
    90 | D:1      | Reached XP level 2. HP: 10/14 MP: 3/3
   680 | D:1      | 680 ||| READING scroll labelled ETAEBUT XIUMEI.
   681 | D:1      | 681 ||| READING scroll labelled NEAS TEATORPHU.
   684 | D:1      | 684 ||| DROPPING scroll of butterflies.
   727 | D:2      | Reached XP level 3. HP: 18/18 MP: 4/4
   814 | D:2      | 814 ||| FLEEEEING.
  1023 | D:2      | Reached XP level 4. HP: 22/22 MP: 5/5
  1198 | D:2      | 1198 ||| READING scroll labelled KOHOOFE DE LIA.
  1199 | D:2      | 1199 ||| DRINKING 2 emerald potions.
  1284 | D:3      | Noticed Robin
  1289 | D:3      | Killed Robin
  1331 | D:3      | Identified the +3 ring mail of Qoanuc {Slay+3}
  1438 | D:3      | Reached XP level 5. HP: 26/26 MP: 6/6
  1626 | D:3      | Noticed Natasha
  1629 | D:3      | 1629 ||| RETREEEEATING.
  1631 | D:3      | 1631 ||| RETREEEEATING.
  1632 | D:3      | 1632 ||| RETREEEEATING.
  1633 | D:3      | 1633 ||| RETREEEEATING.
  1634 | D:3      | 1634 ||| RETREEEEATING.
  1635 | D:3      | 1635 ||| RETREEEEATING.
  1647 | D:3      | Killed Natasha
  1833 | D:3      | Noticed Natasha
  1842 | D:3      | Killed Natasha
  1843 | D:3      | Reached skill level 6 in Ranged Weapons
  1894 | D:4      | Noticed a phantom
  1895 | D:4      | 1895 ||| PLANNING SEWER
  1895 | D:4      | 1895 ||| ZAPPING wand of flame (7) at 1,2 (phantom; floor).
  1896 | D:4      | 1896 ||| ZAPPING wand of flame (6) at 0,1 (phantom; floor).
  1897 | D:4      | 1897 ||| ZAPPING wand of flame (5) at 0,1 (phantom; floor).
  1898 | D:4      | 1898 ||| ZAPPING wand of flame (4) at 0,1 (phantom; floor).
  1899 | D:4      | 1899 ||| ZAPPING wand of flame (3) at 0,1 (phantom; floor).
  1900 | D:4      | 1900 ||| ZAPPING wand of flame (2) at 0,1 (phantom; floor).
  1901 | D:4      | 1901 ||| ZAPPING wand of flame (1) at 0,1 (phantom; floor).
  1901 | D:4      | Noticed Sigmund
  1904 | D:4      | Killed a phantom
  1905 | D:4      | Reached skill level 6 in Dodging
  1905 | D:4      | Reached XP level 6. HP: 27/30 MP: 7/7
  1911 | D:4      | Killed Sigmund
  1943 | D:4      | Noticed Eustachio
  1953 | D:4      | 1953 ||| RETREEEEATING.
  1955 | D:4      | 1955 ||| RETREEEEATING.
  1956 | D:4      | 1956 ||| RETREEEEATING.
  1963 | D:4      | 1963 ||| RETREEEEATING.
  1964 | D:4      | 1964 ||| RETREEEEATING.
  1965 | D:4      | 1965 ||| RETREEEEATING.
  1966 | D:4      | 1966 ||| RETREEEEATING.
  1968 | D:4      | 1968 ||| RETREEEEATING.
  1969 | D:4      | 1969 ||| RETREEEEATING.
  1970 | D:4      | 1970 ||| RETREEEEATING.
  1971 | D:4      | 1971 ||| RETREEEEATING.
  1972 | D:4      | 1972 ||| RETREEEEATING.
  1982 | D:4      | HP: 3/30 [Eustachio/+0 rapier (8)]
  1983 | D:4      | Killed Eustachio
  1984 | D:4      | Reached XP level 7. HP: 3/35 MP: 8/8
  2116 | D:4      | Noticed Pikel
  2117 | D:4      | 2117 ||| RETREEEEATING.
  2227 | D:4      | 2227 ||| FLEEEEING.
  2231 | D:4      | 2231 ||| FLEEEEING.
  2232 | D:4      | 2232 ||| FLEEEEING.
  2233 | D:4      | 2233 ||| FLEEEEING.
  2234 | D:4      | 2234 ||| FLEEEEING.
  2237 | D:4      | 2237 ||| FLEEEEING.
  2238 | D:4      | 2238 ||| FLEEEEING.
  2239 | D:4      | 2239 ||| FLEEEEING.
  2240 | D:4      | 2240 ||| FLEEEEING.
  2241 | D:4      | 2241 ||| FLEEEEING.
  2242 | D:4      | 2242 ||| FLEEEEING.
  2243 | D:4      | 2243 ||| FLEEEEING.
  2244 | D:4      | 2244 ||| FLEEEEING.
  2249 | D:4      | 2249 ||| RETREEEEATING.
  2250 | D:4      | 2250 ||| RETREEEEATING.
  2252 | D:4      | 2252 ||| RETREEEEATING.
  2253 | D:4      | 2253 ||| RETREEEEATING.
  2254 | D:4      | 2254 ||| RETREEEEATING.
  2271 | D:4      | HP: 5/35 [lemure[Pikel] (9)]
  2275 | D:4      | HP: 1/35 [lemure[Pikel] (5)]
  2279 | D:4      | Killed Pikel
  2280 | D:4      | Reached skill level 9 in Dodging
  2280 | D:4      | Reached XP level 8. HP: 3/39 MP: 9/9
  2287 | D:4      | HP: 4/39 [orc/+0 whip (1)]
  2654 | D:4      | Found a glowing drain.
  2666 | Sewer    | Entered a sewer
  2797 | Sewer    | Found a viscous altar of Jiyva.
  2877 | Sewer    | 2877 ||| READING scroll labelled XEASSI YMIWITWOV.
  2978 | Sewer    | 2978 ||| READING scroll labelled GAXKUTH XINLA.
  2978 | Sewer    | 2978 ||| IDENTIFYING lumpy golden potion
  2979 | Sewer    | 2979 ||| DRINKING 2 glowing sapphire potions.
  2997 | D:4      | 2997 ||| PLANNING D:1-11
  3062 | D:4      | Found an iron altar of Okawaru.
  3063 | D:4      | 3063 ||| PLANNING OKAWARU WORSHIP
  3064 | D:4      | Found a burning altar of Makhleb.
  3070 | D:4      | Became a worshipper of Warmaster Okawaru
  3071 | D:4      | 3071 ||| PLANNING D:1-11
  3279 | D:4      | Found a runed translucent door.
  3280 | D:4      | Noticed Crazy Yiuf
  3283 | D:4      | 3283 ||| READING scroll labelled TEMERO ZOCVU.
  3307 | D:5      | Entered Level 5 of the Dungeon
  3354 | D:5      | Reached skill level 3 in Fighting
  3365 | D:5      | HP: 9/40 [orc/+0 trident (3)]
  3516 | D:5      | 3516 ||| SWAPPING to +0 orcbow.
  3517 | D:5      | 3517 ||| DROPPING +0 shortbow.
  3531 | D:5      | 3531 ||| FLEEEEING.
  3532 | D:5      | 3532 ||| FLEEEEING.
  3533 | D:5      | 3533 ||| FLEEEEING.
  3534 | D:5      | 3534 ||| FLEEEEING.
  3535 | D:5      | 3535 ||| FLEEEEING.
  3536 | D:5      | 3536 ||| FLEEEEING.
  3537 | D:5      | 3537 ||| FLEEEEING.
  3538 | D:5      | 3538 ||| FLEEEEING.
  3539 | D:5      | 3539 ||| STAIRDANCE
  3576 | D:4      | 3576 ||| DRINKING 2 pink potions.
  3576 | D:4      | Gained mutation: Your system is resistant to poisons.
                  | (rPois) [potion of mutation]
  3576 | D:4      | Gained mutation: You have sharp toenails. [potion of
                  | mutation]
  3999 | D:5      | Reached skill level 9 in Ranged Weapons
  4280 | D:5      | Noticed Menkaure
  4291 | D:5      | 4291 ||| DRINKING potion of haste.
  4292 | D:5      | Killed Menkaure
  4399 | D:5      | Found Nirazuev's Distillery.
  4407 | D:5      | 4407 ||| BUYING potion of cancellation (112 gold).
  4407 | D:5      | Bought a potion of cancellation for 112 gold pieces
  4407 | D:5      | 4407 ||| BUYING potion of cancellation (112 gold).
  4407 | D:5      | Bought a potion of cancellation for 112 gold pieces
  4407 | D:5      | 4407 ||| BUYING potion of curing (42 gold).
  4407 | D:5      | Bought a potion of curing for 42 gold pieces
  4407 | D:5      | 4407 ||| SHOPLISTING potion of enlightenment (70 gold, have
                  | 33).
  4407 | D:5      | 4407 ||| SHOPLISTING potion of haste (140 gold, have 33).
  4407 | D:5      | 4407 ||| SHOPLISTING potion of resistance (140 gold, have
                  | 33).
  4543 | D:5      | Reached * piety under Okawaru
  4986 | D:5      | 4986 ||| READING 2 scrolls of identify.
  4986 | D:5      | 4986 ||| IDENTIFYING bubbling blue potion
  4987 | D:5      | 4987 ||| READING scroll of identify.
  4987 | D:5      | 4987 ||| IDENTIFYING blue potion
  4988 | D:5      | 4988 ||| READING 2 scrolls labelled QAUGGIATISS.
  4988 | D:5      | 4988 ||| ENCHANTING +0 orcbow.
  4989 | D:5      | 4989 ||| READING scroll of enchant weapon.
  4989 | D:5      | 4989 ||| ENCHANTING +1 orcbow.
  4990 | D:5      | 4990 ||| READING scroll labelled COTSITR UKYX.
  5091 | D:5      | 5091 ||| DROPPING potion of lignification.
  5114 | D:6      | 5114 ||| STAIRDANCE
  5169 | D:6      | 5169 ||| STAIRDANCE
  5172 | D:5      | HP: 5/40 [steam dragon/ball of steam (17)]
  5173 | D:5      | 5173 ||| READING scroll of teleportation.
  5173 | D:5      | Engulfed by a steam dragon's steam

Levels and vault maps discovered:
D:1:      dpeg_arrival_fog, layout_basic
D:2:      layout_basic
D:3:      layout_rooms, uniq_natasha, uniq_robin
D:4:      layout_loops_ring, gammafunk_temple_overflow_statue,
          portal_sewer_entry_f, uniq_sigmund, uniq_eustachio,
          uniq_crazy_yiuf_cottage, uniq_pikel
D:5:      layout_basic, serial_shops, shop, uniq_menkaure
D:6:      layout_cave_pools, kennysheep_generic_room_11

Skill      XL: |  1  2  3  4  5  6  7  8 |
---------------+-------------------------+-----
Dodging        | 3 4 5 6 9 |  9.1
Ranged Weapons | 5 6 7 9 |  9.8
Fighting       | 2 3 |  3.2
Stealth        | |  1.5
Invocations    | |  0.8

Action                     |  1- 3 |  4- 6 |  7- 9 || total
---------------------------+-------+-------+-------++-------
   Fire: Shortbow          |    94 |   187 |   192 ||   473
         Orcbow            |       |       |   108 ||   108
  Evoke: Wand              |       |     7 |       ||     7
    Use: Scroll            |     2 |     1 |     9 ||    12
         Potion            |       |     1 |     3 ||     4
 Armour: Robe              |     7 |    30 |    60 ||    97
  Dodge: Dodged            |    27 |   124 |   184 ||   335

Table legend:
 A = Non-vault XP
 B = Vault XP
 C = Vault XP percentage of total XP
 D = Non-vault monster count
 E = Vault monster count
 F = Vault count percentage of total count
                 A         B        C        D         E       F
            +---------+---------+-------+---------+---------+-------
      Total |    1338 |    1423 |  51.5 |     110 |      49 |  30.8
            +---------+---------+-------+---------+---------+-------
        D:1 |      27 |       0 |   0.0 |      15 |       0 |   0.0
        D:2 |      84 |       0 |   0.0 |      25 |       0 |   0.0
        D:3 |     164 |      70 |  29.9 |      29 |      12 |  29.3
        D:4 |     226 |    1006 |  81.7 |      18 |       8 |  30.8
        D:5 |     835 |     169 |  16.8 |      22 |       1 |   4.3
        D:6 |       2 |       0 |   0.0 |       1 |       0 |   0.0
      Sewer |       0 |     178 | 100.0 |       0 |      28 | 100.0
            +---------+---------+-------+---------+---------+-------
